 Dungeon Crawl Stone Soup version 0.31-a0-868-g674d60d6f7 (webtiles) character file.

Game seed: 7314570928845436005

7695 DocEon the Eclecticist (level 11, -6/54 HPs)
             Began as a Deep Elf Conjurer on Oct 11, 2023.
             Was a Believer of Vehumet.
             Mangled by a +0 spectral giant club (27 damage)
             ... created by Erolcha
             ... on level 10 of the Dungeon.
             The game lasted 00:13:41 (12086 turns).

DocEon the Eclecticist (Deep Elf Conjurer)         Turns: 12086, Time: 00:13:42

Health: -6/54      AC:  7    Str:  4    XL:     11   Next: 0%
Magic:  10/41      EV: 16    Int: 28    God:    Vehumet [**....]
Gold:   579        SH:  5    Dex: 13    Spells: 29/40 levels left

rFire   . . .        d - staff of cold
rCold   + . .        t - +0 buckler
rNeg    . . .        A - +0 steam dragon scales
rPois   .            (no helmet)
rElec   .            i - +1 cloak
rCorr   .            (no gloves)
SInv    .            (no boots)
Will    +....        G - amulet of faith
Stlth   ++           h - +5 ring of evasion
HPRegen 0.29/turn    l - ring of magical power
MPRegen 0.27/turn

%: faith
@: no status effects
A: no striking features
a: Renounce Religion


You were on level 10 of the Dungeon.
You worshipped Vehumet.
Vehumet was pleased with you.
You visited 2 branches of the dungeon, and saw 11 of its levels.
You also visited: Ossuary.

You collected 615 gold pieces.
You spent 36 gold pieces at shops.

Inventory:

Hand Weapons
 a - the +5 woodcutter's axe
   (You found it on level 8 of the Dungeon)
Missiles
 B - a throwing net
Armour
 i - a +1 cloak (worn)
 t - a +0 buckler (worn)
 w - a +2 tower shield
 A - +0 steam dragon scales (worn)
Magical Staves
 d - a staff of cold (weapon)
Jewellery
 h - a +5 ring of evasion (left hand)
 l - a ring of magical power (right hand)
 o - a ring of flight
 y - a ring of resist corrosion
 E - a ring of willpower
 G - an amulet of faith (around neck)
Wands
 j - a wand of flame (10)
 s - a wand of charming (19)
Scrolls
 q - 3 scrolls of enchant armour
 v - 2 scrolls of teleportation
 x - 2 scrolls of noise
 z - 2 scrolls of vulnerability
Potions
 b - 4 potions of magic
 c - a potion of cancellation {unknown}
 e - 8 potions of curing
 f - 5 potions of attraction {unknown}
 g - a potion of resistance
 k - 3 potions of berserk rage
 m - 3 potions of lignification {unknown}
 n - 4 potions of mutation
 p - 3 potions of ambrosia {unknown}
 r - 5 potions of enlightenment
 u - 3 potions of brilliance {unknown}
 C - 2 potions of haste {unknown}
 D - a potion of might {unknown}
 F - 2 potions of heal wounds {unknown}


   Skills:
 - Level 2.4 Dodging
 - Level 2.4 Stealth
 - Level 5.0 Shields
 * Level 15.4 Spellcasting
 + Level 10.3 Conjurations
 - Level 5.0 Hexes
 - Level 5.0 Translocations


You had 29 spell levels left.
You knew the following spells:

 Your Spells              Type           Power      Damage    Failure   Level
a - Magic Dart            Conj           100%       1d8       1%          1
b - Searing Ray           Conj           100%       2d8       1%          2
c - Fulminant Prism       Conj/Hex       29%        3d13      1%          4
d - Iskenderun's Mystic   Conj/Tloc      59%        2d12      1%          4

Your spell library contained the following spells:

 Spells                   Type           Power      Damage    Failure   Level
 Foxfire                  Conj/Fire      100%       2x1d9     1%          1
 Dazzling Flash           Conj/Hex       100%       N/A       1%          3
 Sting                    Tmut/Pois      84%        1d7       4%          1
 Flame Wave               Conj/Fire      50%        2d12      4%          4
 Poisonous Vapours        Pois/Air       42%        N/A       6%          2
 Scorch                   Fire           42%        2d6       6%          2
 Olgreb's Toxic Radiance  Pois           21%        N/A       38%         4
 Alistair's Intoxication  Tmut/Pois      14%        N/A       75%         5
 Borgnjor's Vile Clutch   Necr/Erth      10%        N/A       75%         5
 Eringya's Noxious Bog    Tmut/Pois      10%        4d6       99%         6
 Summon Cactus Giant      Summ           10%        N/A       99%         6


Dungeon Overview and Level Annotations

Branches:
Dungeon (10/15)            Temple (1/1) D:7            Lair (0/5) D:8
    Orc (0/2) D:10        Ossuary (visited)

Altars:
Ashenzari
Cheibriados
Dithmenos
Elyvilon
Fedhas
Gozag
Hepliaklqana
Kikubaaqudgha
Makhleb
Nemelex Xobeh
Okawaru
Qazlal
Ru
Sif Muna
Trog
Uskayaw
Vehumet
Wu Jian
Xom
Yredelemnul
Zin
The Shining One

Shops:
D:3 :   D:9 (   D:10 ?

Annotations:
D:10 Erolcha


Message History

A +0 spectral giant club comes into view.
Casting: Iskenderun's Mystic Blast (dangerous; 1% risk of failure)
Confirm with . or Enter, or press ? or * to list all spells.
You don't know that spell.
Unknown command.
Unknown command.
Casting: Iskenderun's Mystic Blast (dangerous; 1% risk of failure)
Confirm with . or Enter, or press ? or * to list all spells.
You erupt in a blast of force!
The mystic blast hits something!
The mystic blast hits the shadow.
The shadow is almost destroyed.
The shadow is knocked back by the mystic blast.
Casting: Iskenderun's Mystic Blast (dangerous; 1% risk of failure)
Confirm with . or Enter, or press ? or * to list all spells.
You erupt in a blast of force!
The mystic blast hits the shadow.
You destroy the shadow!
Vehumet accepts your kill.
You feel your power returning.
You have reached level 11!
Casting: Iskenderun's Mystic Blast (dangerous; 1% risk of failure)
Confirm with . or Enter, or press ? or * to list all spells.
You erupt in a blast of force!
The +0 spectral giant club disappears.
Casting: Iskenderun's Mystic Blast (dangerous; 1% risk of failure)
Confirm with . or Enter, or press ? or * to list all spells.
You erupt in a blast of force!
You start resting.
There is a strange disturbance nearby!
Casting: Iskenderun's Mystic Blast (dangerous; 1% risk of failure)
Confirm with . or Enter, or press ? or * to list all spells.
You erupt in a blast of force!
The mystic blast hits something.
You hear some strange, mumbled words.
Something tries to affect you, but you resist.
Casting: Iskenderun's Mystic Blast (dangerous; 1% risk of failure)
Confirm with . or Enter, or press ? or * to list all spells.
You erupt in a blast of force!
The mystic blast hits something but does no damage.
Something hits you. The +0 spectral giant club hits you!!
Ouch! That really hurt!
You die...

#.#
###########
#.# #.# #.#
###.## ###
#....###.##
#....##...#
#....##...#
#....#(@#..#
#....#{###.#
#......# ...
###...## .##
###.# .# ###
#


You could see a +0 spectral giant club (wandering).

Vanquished Creatures
  A two-headed ogre (D:8)
  A gargoyle (D:10)
  4 kobold demonologists (D:9)
  A hornet (D:8)
  A shadow (D:10)
  4 slime creatures (D:7)
  A steam dragon (D:6)
  2 acid dragons (D:9)
  A water moccasin (D:9)
  An ice beast (D:6)
  2 sky beasts
  6 orc warriors
  2 black bears (D:8)
  2 ogres
  5 centaurs
  2 phantoms
  2 kobold brigands
  An elf zombie (Ossuary)
  4 bullfrogs
  4 gnoll sergeants
  4 scorpions
  3 wights (D:7)
  5 killer bees (D:9)
  7 hounds
  4 orc priests
  A jelly (D:7)
  4 gnoll boudas
  A human zombie (Ossuary)
  2 iguanas (D:5)
  8 orc wizards
  5 mummies
  14 gnolls
  5 adders
  A shadow imp (D:7)
  A white imp (D:6)
  2 ufetubi
  3 adder zombies (Ossuary)
  9 worms
  46 orcs
  4 endoplasms
  4 giant cockroaches
  5 goblins
  5 hobgoblins
  10 jackals
  22 kobolds
  8 quokkas
  4 ball pythons
  4 bats
  3 frilled lizards
  2 goblin zombies (Ossuary)
  3 hobgoblin zombies
  A kobold zombie (D:6)
  7 rats
  3 rat zombies (Ossuary)
257 creatures vanquished.

Vanquished Creatures (collateral kills)
  An acid dragon (D:9)
  An orc (D:9)
2 creatures vanquished.

Vanquished Creatures (others)
  7 fulminant prisms
7 creatures vanquished.

Grand Total: 266 creatures vanquished

Notes
Turn   | Place    | Note
-------+----------+-------------------------------------------
     0 | D:1      | DocEon the Deep Elf Conjurer began the quest for the Orb.
     0 | D:1      | Reached XP level 1. HP: 10/10 MP: 6/6
   256 | D:1      | Reached XP level 2. HP: 15/15 MP: 5/8
   305 | D:1      | Learned a level 2 spell: Searing Ray
   674 | D:1      | Reached skill level 4 in Spellcasting
  1283 | D:2      | Reached XP level 3. HP: 19/19 MP: 0/10
  1901 | D:3      | Found Dibeol's Book Boutique.
  1983 | D:3      | Reached skill level 5 in Conjurations
  2055 | D:3      | Reached skill level 5 in Spellcasting
  2213 | D:3      | Reached XP level 4. HP: 24/24 MP: 9/13
  2738 | D:3      | Identified a scroll of acquirement
  2738 | D:3      | Acquired a ring of magical power
  3082 | D:4      | Noticed a scorpion
  3092 | D:4      | Killed a scorpion
  3093 | D:4      | Reached skill level 6 in Spellcasting
  3093 | D:4      | Reached XP level 5. HP: 11/28 MP: 12/15
  3379 | D:4      | Learned a level 4 spell: Fulminant Prism
  3384 | D:4      | Learned a level 4 spell: Iskenderun's Mystic Blast
  3898 | D:4      | Reached skill level 1 in Hexes
  3898 | D:4      | Reached skill level 1 in Translocations
  4003 | D:5      | Entered Level 5 of the Dungeon
  4003 | D:5      | Noticed a centaur
  4009 | D:5      | Killed a centaur
  4010 | D:5      | Reached skill level 7 in Spellcasting
  4010 | D:5      | Reached XP level 6. HP: 29/32 MP: 18/18
  4448 | D:5      | Reached XP level 7. HP: 21/36 MP: 20/20
  4588 | D:5      | Reached skill level 8 in Spellcasting
  5645 | D:6      | Found a sand-covered staircase.
  5696 | Ossuary  | Entered an ossuary
  5717 | Ossuary  | Reached skill level 1 in Shields
  5829 | Ossuary  | Reached XP level 8. HP: 30/41 MP: 4/22
  6156 | D:6      | Reached skill level 9 in Spellcasting
  6621 | D:6      | Reached skill level 5 in Hexes
  6925 | D:7      | Reached skill level 10 in Spellcasting
  6988 | D:7      | Found a staircase to the Ecumenical Temple.
  7086 | Temple   | Entered the Ecumenical Temple
  7168 | D:7      | Reached XP level 9. HP: 37/45 MP: 18/25
  7929 | D:7      | Found a radiant altar of Vehumet.
  7935 | D:7      | Found an opulent altar of Gozag.
  8141 | D:7      | Reached skill level 11 in Spellcasting
  8141 | D:7      | Reached skill level 5 in Translocations
  8312 | D:7      | Found a burning altar of Makhleb.
  8355 | D:7      | Became a worshipper of Vehumet
  8357 | D:7      | Found an ancient bone altar of Kikubaaqudgha.
  8360 | D:7      | Found an iron altar of Okawaru.
  8362 | D:7      | Found a shimmering altar of Xom.
  8368 | D:7      | Found a stormy altar of Qazlal.
  8739 | D:7      | Reached skill level 5 in Shields
  8979 | D:8      | Reached skill level 12 in Spellcasting
  9128 | D:8      | Found a broken altar of Ashenzari.
  9272 | D:8      | Reached XP level 10. HP: 46/50 MP: 28/28
  9309 | D:8      | Found the +5 woodcutter's axe
  9537 | D:8      | Noticed a two-headed ogre
  9545 | D:8      | Killed a two-headed ogre
  9546 | D:8      | Reached skill level 13 in Spellcasting
  9914 | D:8      | Found a staircase to the Lair.
 10128 | D:9      | Reached * piety under Vehumet
 10128 | D:9      | Offered knowledge of Sandblast by Vehumet.
 10264 | D:9      | Reached skill level 14 in Spellcasting
 10680 | D:9      | Found a sacrificial altar of Ru.
 10741 | D:9      | Found Dusi's Firing Range.
 11171 | D:9      | Reached skill level 10 in Conjurations
 11508 | D:9      | Reached skill level 15 in Spellcasting
 11666 | D:10     | Entered Level 10 of the Dungeon
 11671 | D:10     | Offered knowledge of Foxfire by Vehumet.
 11671 | D:10     | Reached ** piety under Vehumet
 11731 | D:10     | Noticed a gargoyle
 11738 | D:10     | Killed a gargoyle
 11849 | D:10     | Found Koecemp's Magic Scroll Boutique.
 11859 | D:10     | Bought a scroll of teleportation for 36 gold pieces
 11931 | D:10     | Found a staircase to the Orcish Mines.
 12072 | D:10     | Noticed Erolcha
 12081 | D:10     | Reached XP level 11. HP: 24/54 MP: 25/32
 12086 | D:10     | Mangled by a +0 spectral giant club

Illustrated notes

Levels and vault maps discovered:
D:1:      lightli_arrival_quake, layout_loops_cross, minmay_misc_feat_hallway
D:2:      layout_rooms
D:3:      layout_basic, serial_shops, nicolae_shop_hallway_plus,
          minmay_misc_feat_chi, nicolae_wormholes
D:4:      layout_loops_ring
D:5:      layout_loops_corners, minmay_misc_feat_x
D:6:      layout_cave_pools, nicolae_ossuary_entry_giza,
          chequers_decorated_corner
D:7:      layout_loops_ring, makhleb_grotto_becter,
          nicolae_overflow_hallway_of_the_gods, minmay_temple_entry_wispy,
          minmay_crossroads
D:8:      layout_basic, ashenzari_altar_1, grunt_lair_entry_orc_guard_hut,
          minmay_misc_feat_room, pf_guarded_unrand_woodcutter
D:9:      layout_roguey, mainiacjoe_overflow_brackets, nicolae_shop_firing_range
D:10:     layout_roguey, david_orc_2, serial_curves, eino_curves_03,
          eino_curves_01, eino_curves_01, eino_curves_03, serial_shops, shop,
          uniq_erolcha
Temple:   compressed_dpeg_triangle_lava_temple

Skill      XL: |  1  2  3  4  5  6  7  8  9 10 |
---------------+-------------------------------+-----
Spellcasting   | 4 5 6 7 8 10 12 15 | 15.4
Conjurations   | 5 6 7 8 10 | 10.3
Hexes          | 1 2 3 5 |  5.0
Translocations | 1 2 3 4 5 |  5.0
Shields        | 1 3 5 |  5.0
Dodging        | |  2.4
Stealth        | |  2.4

Action                     |  1- 3 |  4- 6 |  7- 9 | 10-12 || total
---------------------------+-------+-------+-------+-------++-------
  Melee: Staff             |     6 |     1 |     6 |       ||    13
   Cast: Magic Dart        |    99 |   125 |   202 |    66 ||   492
         Searing Ray       |     1 |     4 |    50 |     6 ||    61
         Iskenderun's Myst |       |       |    25 |    60 ||    85
         Fulminant Prism   |       |       |     3 |     4 ||     7
  Evoke: Wand              |       |       |       |     1 ||     1
    Use: Scroll            |     3 |     3 |    10 |     3 ||    19
 Armour: Robe              |     8 |    14 |    53 |       ||    75
         Steam dragon scal |       |       |    28 |    32 ||    60
  Dodge: Dodged            |     8 |    29 |   107 |    22 ||   166
  Block: Buckler           |       |       |    23 |    11 ||    34

Table legend: (Time is in decaauts)
 A = Elapsed time spent in this place.
 B = Non-inter-level travel time spent in this place.
 C = Inter-level travel time spent in this place.
 D = Time resting spent in this place.
 E = Time spent auto-exploring this place.
 F = Levels seen in this place.
 G = Mean time per level.
                   A        B        C        D        E       F      G
               +--------+--------+--------+--------+--------+-----+--------+
         Total |  12092 |  11705 |    387 |   3004 |   7077 |  12 | 1007.7 |
       Dungeon |  11664 |  11277 |    387 |   2837 |   6980 |  10 | 1166.4 |
        Temple |      1 |      1 |      0 |      0 |      0 |   1 |    1.0 |
       Ossuary |    425 |    425 |      0 |    167 |     97 |   1 |  425.0 |
               +--------+--------+--------+--------+--------+-----+--------+

Top non-repeatable levels by time:
     D:7: 1905 daAuts
     D:5: 1553 daAuts
     D:9: 1484 daAuts
     D:8: 1226 daAuts
     D:1: 1127 daAuts
     D:6: 1072 daAuts
     D:4: 1065 daAuts
     D:3: 1040 daAuts
     D:2: 769 daAuts
 Ossuary: 425 daAuts
    D:10: 419 daAuts
  Temple: 1 daAuts
